 Dungeon Crawl Stone Soup version 0.27.0-1-g7a089689b8 (webtiles) character file.

Game seed: 6734870779976271636

24643 inmateoo the Covert (level 13, -15/81 HPs)
             Began as an Octopode Earth Elementalist on Aug 13, 2021.
             Was the Champion of Okawaru.
             Killed from afar by a lindwurm (49 damage)
             ... with a blast of flame
             ... on level 6 of the Lair of Beasts.
             The game lasted 00:45:59 (24700 turns).

inmateoo the Covert (Octopode Earth Elementalist)  Turns: 24700, Time: 00:45:59

Health: -15/81     AC:  7    Str:  8    XL:     13   Next: 14%
Magic:  1/27       EV: 14    Int: 25    God:    Okawaru [******]
Gold:   130        SH:  5    Dex: 12    Spells: 9/32 levels left

rFire    . . .     SeeInvis +   z - +5 rapier of the Leaping Asp {flame, rN+ Will+ Int+3}
rCold    + . .     Faith    .   v - +0 buckler
rNeg     + . .     Spirit   .   J - +2 hat {Stlth+}
rPois    .         Reflect  .   E - amulet of regeneration
rElec    .         Harm     .   y - ring of see invisible
rCorr    .         Rampage  .   F - +4 ring of protection
Will     +....                  H - ring of protection from fire
Stlth    ++++++....             D - ring of ice
HPRegen  1.23/turn              (no ring)
MPRegen  0.20/turn              (no ring)
                                (no ring)
                                (no ring)

@: no status effects
A: almost no armour, amphibious, 8 rings, camouflage 1, gelatinous body 1,
(nimble swimmer 1), tentacles
a: Renounce Religion, Heroism, Finesse


You were on level 6 of the Lair of Beasts.
You worshipped Okawaru.
Okawaru was exalted by your worship.
You visited 3 branches of the dungeon, and saw 20 of its levels.

You collected 1193 gold pieces.
You spent 1063 gold pieces at shops.

Inventory:

Hand Weapons
 d - a +4 dagger of venom
 z - the +5 rapier of the Leaping Asp (weapon) {flame, rN+ Will+ Int+3}
   (You bought it in a shop on level 8 of the Dungeon)

   It burns those it strikes, dealing additional fire damage.
   Int:       It affects your intelligence (+3).
   rN:        It protects you from negative energy.
   Will:      It increases your willpower.
Missiles
 b - 513 stones
Armour
 v - a +0 buckler (worn)
 J - a +2 hat of stealth (worn)
Jewellery
 y - a ring of see invisible (left tentacle)
 D - a ring of ice (on tentacle)
 E - an amulet of regeneration (around mantle)
 F - a +4 ring of protection (right tentacle)
 H - a ring of protection from fire (on tentacle)
Wands
 k - a wand of digging (3)
 q - a wand of mindburst (8)
 r - a wand of acid (10)
 t - a wand of iceblast (14)
 A - a wand of flame (32)
 C - a wand of paralysis (8)
 K - a wand of polymorph (7)
Scrolls
 a - 2 scrolls of enchant armour
 f - 5 scrolls of fear
 h - a scroll of teleportation
 o - a scroll of silence
 u - a scroll of magic mapping
 w - 4 scrolls of amnesia
 G - a scroll of fog
 I - a scroll of brand weapon
Potions
 c - 8 potions of curing
 e - 4 potions of might
 g - a potion of resistance
 i - 4 potions of haste
 j - 6 potions of heal wounds
 l - 4 potions of lignification
 m - 3 potions of ambrosia
 n - 3 potions of mutation {unknown}
 p - 2 potions of invisibility {unknown}
 s - 4 potions of magic {unknown}
 x - a potion of cancellation {unknown}
 B - a potion of berserk rage


   Skills:
 + Level 4.5 Fighting
 + Level 4.5 Short Blades
 + Level 5.4 Dodging
 + Level 10.4 Stealth
 - Level 4.0 Shields
 + Level 10.1 Spellcasting
 - Level 2.0 Conjurations
 + Level 8.3 Summonings
 - Level 6.0 Translocations
 - Level 1.0 Transmutations
 - Level 6.0 Ice Magic
 + Level 8.5 Earth Magic
 + Level 2.1 Invocations
 + Level 3.8 Evocations


You had 9 spell levels left.
You knew the following spells:

 Your Spells              Type           Power      Damage    Failure   Level
a - Sandblast             Erth           100%       2d20      1%          1
b - Freeze                Ice            100%       1d11      1%          1
c - Frozen Ramparts       Ice            100%       1d12      1%          3
d - Stone Arrow           Conj/Erth      78%        3d11      1%          3
e - Petrify               Tmut/Erth      36%        N/A       7%          4
f - Summon Forest         Summ/Tloc      24%        N/A       7%          5
g - Ensorcelled Hibernat  Hex/Ice        82%        N/A       2%          2
h - Summon Ice Beast      Ice/Summ       64%        N/A       2%          4

Your spell library contained the following spells:

 Spells                   Type           Power      Damage    Failure   Level
 Passwall                 Tmut/Erth      30%        N/A       1%          2
 Sublimation of Blood     Necr           6%         N/A       8%          2
 Hailstorm                Conj/Ice       49%        3d11      10%         4
 Spider Form              Tmut/Pois      7%         N/A       12%         3
 Summon Mana Viper        Hex/Summ       33%        N/A       24%         5
 Shadow Creatures         Summ           N/A        N/A       24%         6
 Cause Fear               Hex            6%         N/A       43%         4
 Irradiate                Conj/Tmut      10%        3d16      58%         5
 Monstrous Menagerie      Summ           26%        N/A       80%         7
 Dragon Form              Tmut           8%         N/A       100%        7
 Dragon's Call            Summ           26%        N/A       100%        9


Dungeon Overview and Level Annotations

Branches:
Dungeon (13/15)            Temple (1/1) D:7            Lair (5/6) D:11
  Swamp (0/4) Lair:4       Spider (0/4) Lair:4          Orc (0/2) D:10
  Slime: Lair:5-6    Vaults: D:13-14

Altars:
Ashenzari
Cheibriados
Dithmenos
Gozag
Hepliaklqana
Kikubaaqudgha
Makhleb
Okawaru
Sif Muna
Trog
Vehumet
Xom
Zin
The Shining One
Beogh

Shops:
D:4 *   D:8 (   D:11 (

Annotations:
D:7 3 runed translucent doors, tilp's ghost, novice GrEE
Lair:3 3 runed translucent doors, Deed's ghost, journeyman MiFi
Lair:4 3 runed translucent doors, Raneoc's ghost, journeyman MiFi
Lair:6 1 runed translucent door


Innate Abilities, Weirdness & Mutations

You cannot wear most types of armour.
You are amphibious.
You can wear up to eight rings at the same time.
Your skin changes colour to match your surroundings (Stealth+).
Your rubbery body absorbs attacks. (AC +1, EV +1)
((You are camouflaged near water. (Stealth+)))
You have tentacles for arms and can constrict up to eight enemies at once.


Message History

t - Shout!
Orders for allies: a - Attack new target. r - Retreat! s - Stop attacking. g - Guard the area. f - Follow me.
Anything else - Cancel.
Gang up on whom?
Press: ? - help, Dir - move target, f - lindwurm
Aim: a lindwurm Attack!
Your ice beast barely misses the lindwurm.
The lindwurm breathes flames at you.
The blast of flame hits your ice beast!!!
Your ice beast melts!
Your ice beast dies!
The blast of flame hits you!!
Your ice beast disappears in a puff of smoke!
The lindwurm completely misses your ice beast.
The lindwurm closely misses your ice beast.
The lindwurm claws your ice beast!
Your ice beast hits the lindwurm but does no damage.
Your ice beast hits the lindwurm but does no damage.
Casting: Summon Ice Beast (dangerous; 2% risk of failure)
Confirm with . or Enter, or press ? or * to list all spells.
You feel a surge of power! A chill wind blows around you.
Your ice beast hits the lindwurm but does no damage.
What are your orders? t - Shout!
Orders for allies: a - Attack new target. p - Attack previous target. r - Retreat! s - Stop attacking. g - Guard the area. f - Follow me.
Anything else - Cancel.
Gang up on whom?
Press: ? - help, Dir - move target, f/p - lindwurm
Aim: a lindwurm (ally target) Attack!
Your ice beast hits the lindwurm but does no damage.
The lindwurm breathes flames at you. The blast of flame hits you!!!
Ouch! That really hurt!
You die...

,,,,,,,.,,,,...........,,**#..#**
*,,*,,,P.,,*#...........,,*##.#*,
*,,,,,,.P.,##...........,,,*,*,*,
*,,*,*,P...+.......$....,,,,,,*,,
,*,**,,....).....Y......,,,,,,,,,
*,,**,,....♣††††k.......,,,<,,,,,
**,***,,,,,**#.†........,,,,,,,,,
*,,***,,,,**##..†.Y.....,,,,<,,,,
*,,,***,*,**#.(.@.......,,,,,,,,,
,,,*,,*,,,,,#...........,,,,,,,,,
**,,,,,*,...............,,,,,,,,,
*,,*,,,,#.#.###....^..#,,,*,,**,
*,******#*##* ####.###.,****,**,
*** ## *,** ***** *** *


You could see a lindwurm (catching breath, ally target) and 2 friendly ice
beasts.

Vanquished Creatures
  Gastronok (D:9)
  A hydra (Lair:1)
  A boulder beetle (Lair:5)
  4 two-headed ogres
  A centaur warrior (D:11)
  Nergalle (Lair:2)
  An oklob plant (D:11)
  3 elephants
  4 cane toads
  An unseen horror (D:11)
  2 rime drakes (Lair:3)
  Maggie (D:7)
  A komodo dragon (Lair:1)
  2 polar bears
  4 trolls
  2 nameless horrors
  3 blink frogs
  3 shadows
  7 yaks
  A basilisk (Lair:1)
  A steam dragon (D:8)
  An acid dragon (D:10)
  10 water moccasins
  6 orc warriors
  2 black bears
  2 sky beasts (D:6)
  3 wolves
  2 ogres (D:6)
  5 centaurs
  A kobold brigand (D:8)
  6 bullfrogs
  5 scorpions
  A wyvern zombie (D:7)
  7 killer bees
  12 wights
  9 electric eels (D:6)
  A howler monkey (D:9)
  3 jellies
  A bullfrog zombie (D:7)
  3 centaur zombies
  7 orc priests
  4 hounds (D:6)
  A gnoll shaman (D:7)
  An iguana (D:5)
  2 orc wizards
  A killer bee zombie (D:7)
  14 gnolls
  9 adders
  A shadow imp (D:8)
  A white imp (D:5)
  2 ufetubi (D:5)
  An adder skeleton (D:4)
  3 worms
  3 dart slugs
  47 orcs
  5 endoplasms
  6 giant cockroaches
  8 goblins
  6 hobgoblins
  6 jackals
  6 quokkas
  6 ball pythons
  3 bats
  A frilled lizard (D:1)
  13 kobolds
  7 rats
289 creatures vanquished.

Vanquished Creatures (collateral kills)
  2 hydras
  2 black mambas
  2 cane toads (Lair:5)
  A rime drake (Lair:4)
  5 komodo dragons
  A polar bear (Lair:1)
  9 blink frogs
  A wyvern (Lair:1)
  3 redbacks (Lair:4)
  24 yaks
  3 water moccasins
  2 wolves
  2 bullfrogs
  5 jellies (Lair:5)
  An endoplasm (Lair:5)
  A bush (Lair:6)
64 creatures vanquished.

Vanquished Creatures (others)
  A shadow imp (D:6)
  23 fungi
  42 plants
  A snaplasher vine (Lair:6)
67 creatures vanquished.

Grand Total: 420 creatures vanquished

Notes
Turn   | Place    | Note
-------+----------+-------------------------------------------
     0 | D:1      | inmateoo the Octopode Earth Elementalist began the quest
                  | for the Orb.
     0 | D:1      | Reached XP level 1. HP: 11/11 MP: 3/3
    47 | D:1      | Learned a level 1 spell: Freeze
   292 | D:1      | Reached XP level 2. HP: 16/17 MP: 0/5
   332 | D:1      | Reached skill level 1 in Ice Magic
  1121 | D:1      | Found a faded altar of an unknown god.
  1277 | D:1      | Reached XP level 3. HP: 21/21 MP: 6/6
  1281 | D:1      | Learned a level 3 spell: Frozen Ramparts
  1868 | D:2      | HP: 1/21 [gnoll (10)]
  1875 | D:2      | Reached XP level 4. HP: 2/27 MP: 0/7
  2890 | D:3      | Reached XP level 5. HP: 20/31 MP: 2/9
  3590 | D:3      | Reached skill level 1 in Fighting
  3934 | D:4      | Noticed a black bear
  4038 | D:4      | Reached XP level 6. HP: 37/38 MP: 4/11
  4323 | D:4      | Killed a black bear
  4324 | D:4      | Reached skill level 5 in Stealth
  4324 | D:4      | Reached XP level 7. HP: 21/43 MP: 4/12
  4765 | D:4      | Found Jaamusyk's Assorted Antiques.
  4768 | D:4      | Bought a scroll labelled SYXTOCR WUOT for 27 gold pieces
  4768 | D:4      | Bought 2 glowing dark potions for 48 gold pieces
  4833 | D:5      | Entered Level 5 of the Dungeon
  5197 | D:5      | Learned a level 3 spell: Stone Arrow
  5922 | D:5      | Reached XP level 8. HP: 48/48 MP: 9/14
  7048 | D:6      | Reached skill level 5 in Ice Magic
  7048 | D:6      | Reached skill level 5 in Earth Magic
  7086 | D:6      | Reached skill level 5 in Spellcasting
  7582 | D:6      | Found an opulent altar of Gozag.
  7594 | D:6      | Reached skill level 1 in Conjurations
  7594 | D:6      | Reached skill level 1 in Evocations
  8076 | D:7      | Learned a level 4 spell: Petrify
  8111 | D:7      | Noticed Maggie
  8118 | D:7      | Killed Maggie
  8119 | D:7      | Reached XP level 9. HP: 19/54 MP: 3/17
  8378 | D:7      | Identified the +3 rapier of Bodily Humours {pain, *Corrode
                  | rN+ Str+7}
  9503 | D:7      | Found a runed translucent gate.
  9505 | D:7      | Found a runed translucent gate.
  9507 | D:7      | Found a runed translucent gate.
  9507 | D:7      | Noticed tilp's ghost (novice GrEE)
  9620 | D:7      | Learned a level 5 spell: Summon Forest
  9794 | D:7      | Found a staircase to the Ecumenical Temple.
  9811 | Temple   | Entered the Ecumenical Temple
  9818 | Temple   | Learned a level 2 spell: Ensorcelled Hibernation
  9878 | Temple   | Became a worshipper of Warmaster Okawaru
 10313 | D:8      | Found a radiant altar of Vehumet.
 10325 | D:8      | Found Refyiwu's Weapon Shoppe.
 10505 | D:8      | Reached skill level 1 in Shields
 10505 | D:8      | Reached skill level 1 in Translocations
 10538 | D:8      | Noticed a two-headed ogre
 10585 | D:8      | Reached skill level 1 in Summonings
 11131 | D:6      | Reached * piety under Okawaru
 11442 | D:8      | Killed a two-headed ogre
 11442 | D:8      | Reached ** piety under Okawaru
 11443 | D:8      | Reached XP level 10. HP: 63/63 MP: 7/19
 12286 | D:9      | Noticed Gastronok
 12686 | D:10     | Entered Level 10 of the Dungeon
 12989 | D:10     | Found a staircase to the Orcish Mines.
 13190 | D:10     | Reached skill level 5 in Dodging
 13833 | D:11     | Noticed an oklob plant
 13907 | D:11     | Found a staircase to the Lair.
 13974 | D:11     | Found Ycsige's Antique Weapon Shoppe.
 13984 | D:11     | Noticed a two-headed ogre
 14008 | D:11     | Killed a two-headed ogre
 14009 | D:11     | Reached skill level 1 in Short Blades
 14302 | D:11     | Reached *** piety under Okawaru
 14309 | D:11     | Noticed a centaur warrior
 14322 | D:11     | Killed a centaur warrior
 14323 | D:11     | Reached XP level 11. HP: 23/68 MP: 17/21
 14843 | D:11     | You fall into a shaft and drop 2 floors!
 14848 | D:13     | Noticed a salamander
 14853 | D:12     | Noticed a two-headed ogre
 14864 | D:12     | Killed a two-headed ogre
 14864 | D:12     | Reached **** piety under Okawaru
 14865 | D:12     | Reached skill level 10 in Stealth
 15114 | D:12     | Noticed a two-headed ogre
 15126 | D:12     | Killed a two-headed ogre
 15718 | D:11     | Killed an oklob plant
 15718 | D:11     | Reached ***** piety under Okawaru
 16813 | D:9      | HP: 1/69 [Gastronok/the air (28)]
 17601 | D:9      | Killed Gastronok
 17601 | D:9      | Received a gift from Okawaru
 17601 | D:9      | Received a gift from Okawaru
 17602 | D:9      | Reached skill level 5 in Summonings
 17602 | D:9      | Reached skill level 5 in Translocations
 17902 | Lair:1   | Entered Level 1 of the Lair of Beasts
 18185 | Lair:1   | Learned a level 4 spell: Summon Ice Beast
 18458 | Lair:1   | Noticed an eight-headed hydra
 18477 | Lair:1   | Killed an eight-headed hydra
 18478 | Lair:1   | Reached XP level 12. HP: 41/74 MP: 4/24
 19254 | Lair:2   | Noticed Nergalle
 19275 | Lair:2   | Killed Nergalle
 20951 | Lair:3   | Identified the +8 plate armour of Noughts and Crosses
                  | {*Slow rElec rPois}
 20981 | Lair:3   | Noticed a minotaur
 20988 | Lair:3   | Noticed Deed's ghost (journeyman MiFi)
 21516 | Lair:3   | Found a runed translucent gate.
 21516 | Lair:3   | Found a runed translucent gate.
 21516 | Lair:3   | Found a runed translucent gate.
 22020 | Lair:4   | Noticed a four-headed hydra
 22025 | Lair:4   | Killed a four-headed hydra
 22482 | Lair:4   | Found a hole to the Spider Nest.
 22513 | Lair:4   | Received a gift from Okawaru
 22825 | D:8      | Bought the +5 rapier of the Leaping Asp {flame, rN+ Will+
                  | Int+3} for 829 gold pieces
 22922 | D:4      | Bought a potion of heal wounds for 135 gold pieces
 22922 | D:4      | Bought a bubbling puce potion for 24 gold pieces
 23397 | Lair:4   | Found a runed translucent gate.
 23397 | Lair:4   | Found a runed translucent gate.
 23397 | Lair:4   | Found a runed translucent gate.
 23398 | Lair:4   | Noticed a six-headed hydra
 23402 | Lair:4   | Noticed Raneoc's ghost (journeyman MiFi)
 23443 | Lair:4   | Found a staircase to the Swamp.
 23855 | Lair:5   | Reached skill level 10 in Spellcasting
 23949 | Lair:5   | Identified the +8 broad axe "Umebaoh" {vorpal, rC+}
                  | (Okawaru gifted it to you on level 5 of the Lair of Beasts)
 23949 | Lair:5   | Received a gift from Okawaru
 24105 | Lair:5   | Noticed a seven-headed hydra
 24119 | Lair:5   | Killed a seven-headed hydra
 24120 | Lair:5   | Reached skill level 1 in Invocations
 24214 | Lair:5   | Noticed a boulder beetle
 24266 | Lair:5   | Killed a boulder beetle
 24397 | Lair:5   | Reached XP level 13. HP: 79/79 MP: 27/27
 24660 | Lair:5   | You fall into a shaft and drop 1 floor!
 24660 | Lair:6   | Entered Level 6 of the Lair of Beasts
 24664 | Lair:6   | Found a large runed translucent door.
 24679 | Lair:6   | Received a gift from Okawaru
 24679 | Lair:6   | Reached ****** piety under Okawaru
 24700 | Lair:6   | Killed from afar by a lindwurm

Illustrated notes

Levels and vault maps discovered:
D:1:      scummos_arrival_simple_crosswalls, layout_basic,
          shapermc_ecumenical_altar_hornbeckon
D:2:      layout_basic, minmay_misc_feat_four_crosses
D:3:      layout_basic
D:4:      layout_gridville, serial_shops, kennysheep_mini_moat
D:5:      layout_basic, minmay_crystal_water, kennysheep_small_circle
D:6:      layout_cave_pods, lemuel_doored_altar, kennysheep_boxes
D:7:      layout_loops_ring, minmay_temple_entry_crystal_x,
          ebering_ghost_rock_garden, uniq_maggie
D:8:      layout_loops_cross, vehumet_altar_wand_db, serial_shops,
          nicolae_shop_temple_entry_statues_fountains
D:9:      layout_cave_pods, special_room [special_room_orc], uniq_gastronok
D:10:     layout_basic, minmay_orc_entry_temple_small
D:11:     layout_loops_ring, dpeg_oklobed_lair, nicolae_stop_n_shop_1
D:12:     layout_rooms, minmay_statues_item
D:13:     layout_irregular_city
Temple:   regret_index_temple_chain_breaker
Lair:1:   layout_gridlike, infiniplex_staircase_pool, grunt_megastairs_5
Lair:2:   layout_cave_pods, chequers_serial_rivers_room_b, uniq_nergalle
Lair:3:   layout_concentric_octagons, maelrawn_ghost_gauntlet_escape
Lair:4:   layout_roguey, swamp_mist, spider_nest_entry_webs,
          gammafunk_ghost_split
Lair:5:   layout_gridlike, minmay_slime_entry_jelly_boxes
Lair:6:   cheibrodos_lair_end_hotspot, layout_regular_city

Skill      XL: |  1  2  3  4  5  6  7  8  9 10 11 12 13 |
---------------+----------------------------------------+-----
Stealth        | 3 4 5 6 7 8 9 10 | 10.4
Ice Magic      | 1 2 3 4 5 6 |  6.0
Spellcasting   | 3 4 5 6 7 8 10 | 10.1
Fighting       | 1 2 3 4 |  4.5
Dodging        | 3 4 5 |  5.4
Earth Magic    | 4 5 6 7 8 |  8.5
Conjurations   | 1 2 |  2.0
Evocations     | 2 3 |  3.8
Shields        | 1 3 4 |  4.0
Translocations | 1 3 5 6 |  6.0
Summonings     | 1 3 5 8 |  8.3
Short Blades   | 2 4 |  4.5
Invocations    | 1 2 |  2.1
Transmutations | |  1.0

Action                   |  1- 3 |  4- 6 |  7- 9 | 10-12 | 13-15 || total
-------------------------+-------+-------+-------+-------+-------++-------
Melee: Unarmed           |     8 |       |       |       |       ||     8
       Constrict         |    11 |    16 |    17 |    33 |     2 ||    79
       Tentacles         |     6 |     9 |    10 |    41 |     2 ||    68
       Whip              |    13 |       |       |       |       ||    13
       Dagger            |    25 |    45 |    89 |   197 |       ||   356
       Rapier            |       |       |       |    28 |     8 ||    36
 Cast: Sandblast         |    19 |    21 |    29 |    15 |       ||    84
       Freeze            |     8 |     8 |     3 |     4 |       ||    23
       Frozen Ramparts   |     1 |     6 |    20 |     5 |       ||    32
       Stone Arrow       |       |       |    39 |    42 |       ||    81
       Petrify           |       |       |     2 |    47 |       ||    49
       Ensorcelled Hiber |       |       |     2 |     2 |       ||     4
       Summon Ice Beast  |       |       |       |    66 |    10 ||    76
       Summon Forest     |       |       |       |    14 |     2 ||    16
Evoke: Wand              |       |       |    12 |     9 |       ||    21
  Use: Scroll            |     2 |     5 |    11 |    12 |     2 ||    32
 Stab: Sleeping          |    11 |     6 |    22 |    21 |     1 ||    61
       Paralysed         |       |       |     3 |     2 |       ||     5
       Petrified         |       |       |       |    37 |       ||    37
       Distracted        |       |       |       |     2 |       ||     2
Armor: Skin              |     4 |     4 |     5 |    55 |     3 ||    71
Dodge: Dodged            |    30 |    38 |    53 |   153 |     8 ||   282
Block: Other             |       |       |    11 |    11 |       ||    22
       Buckler           |       |       |       |    65 |     2 ||    67
       Reflection        |       |       |       |     2 |       ||     2
